 Dungeon Crawl Stone Soup version 0.31-a0-986-g5e6e4ef867 (webtiles) character file.

Game seed: 11508757661427183961

101 croobank the Ruffian (level 4, -1/30 HPs)
             Began as a Gnoll Shapeshifter on Nov 22, 2023.
             Was a Follower of Hepliaklqana.
             Slain by an orc
             ... wielding a +0 flail
              (9 damage)
             ... on level 3 of the Dungeon.
             The game lasted 00:03:10 (1832 turns).

croobank the Ruffian (Gnoll Shapeshifter)           Turns: 1832, Time: 00:03:11

Health: -1/30      AC:  2    Str: 19    XL:     4   Next: 75%
Magic:  5/5        EV: 13    Int: 12    God:    Hepliaklqana [*.....]
Gold:   190        SH:  0    Dex: 11    Spells: 5/5 levels left

rFire   . . .        p - +4 dagger of Frustration {speed, Will+ Str+6}
rCold   . . .        (no shield)
rNeg    . . .        b - +0 animal skin
rPois   .            (helmet currently unavailable)
rElec   .            (cloak currently unavailable)
rCorr   .            (gloves currently unavailable)
SInv    .            (boots currently unavailable)
Will    +....        (no amulet)
Stlth   ++           (no ring)
HPRegen 0.25/turn    (no ring)
MPRegen 0.09/turn

%: no passive effects
@: beast-form
A: beast (slay +3), reduced essence, fangs 1, strong nose, distributed training
a: Begin Untransformation, Renounce Religion, Recall Ancestor, Ancestor Identity


You were on level 3 of the Dungeon.
You worshipped Hepliaklqana.
Hepliaklqana was aware of your devotion.
You were a hulking beast.
You visited 1 branch of the dungeon, and saw 3 of its levels.

You collected 190 gold pieces.

Inventory:

Hand Weapons
 a - a +0 sling
 g - a +0 dagger
 p - the +4 dagger of Frustration (weapon) {speed, Will+ Str+6}
   (You found it on level 2 of the Dungeon)

   Str+6:     It affects your strength (+6).
   Will+:     It increases your willpower.
Missiles
 q - 2 poisoned darts
Armour
 b - a +0 animal skin (worn)
 k - a +0 pair of gloves
 r - a +0 cloak
Jewellery
 m - an amulet of the acrobat
Talismans
 c - a beast talisman
 d - a flux talisman
Scrolls
 i - 4 scrolls of identify {unknown}
 n - a scroll of amnesia {unknown}
 s - a scroll of poison {unknown}
 t - a scroll of teleportation {unknown}
 u - a scroll of acquirement {unknown}
 v - a scroll of fog {unknown}
Potions
 e - 2 potions of lignification
 f - 2 potions of brilliance {unknown}
 h - a potion of ambrosia {unknown}
 j - a potion of degeneration {unknown}
 l - a potion of enlightenment {unknown}
 o - a potion of invisibility {unknown}


   Skills:
 + Level 2.8 Fighting
 + Level 1.2 Short Blades
 + Level 1.2 Long Blades
 + Level 1.2 Axes
 + Level 1.2 Maces & Flails
 + Level 1.2 Polearms
 + Level 1.2 Staves
 + Level 1.2 Ranged Weapons
 + Level 1.2 Throwing
 + Level 1.2 Armour
 + Level 4.7 Dodging
 + Level 1.2 Stealth
 + Level 1.2 Shields
 + Level 6.6 Unarmed Combat
 + Level 1.2 Spellcasting
 + Level 1.0 Conjurations
 + Level 1.0 Hexes
 + Level 1.0 Summonings
 + Level 1.0 Necromancy
 + Level 1.0 Translocations
 + Level 1.0 Transmutations
 + Level 1.0 Fire Magic
 + Level 1.0 Ice Magic
 + Level 1.0 Air Magic
 + Level 1.0 Earth Magic
 + Level 1.0 Poison Magic
 + Level 1.4 Invocations
 + Level 1.2 Evocations
 + Level 6.6 Shapeshifting


You had 5 spell levels left.
You didn't know any spells.
Your spell library contained the following spells:

 Spells                   Type           Power      Damage    Failure   Level
 Inner Flame              Hex/Fire       3%         N/A       50%         3
 Flame Wave               Conj/Fire      3%         2d5       88%         4
 Sticky Flame             Conj/Fire      3%         2d3       88%         4


Dungeon Overview and Level Annotations

Branches:
Dungeon (3/15)

Altars:
Hepliaklqana

Annotations:
D:3 1 transporter, sammy202020's ghost, weakling DsSh


Innate Abilities, Weirdness & Mutations

You are a hulking beast.
Your limbs bulge with bestial killing power. (Slay +3)
Your life essence is reduced to manifest your ancestor. (-10% HP)
You have very sharp teeth.
Your uncanny sense of smell can sniff out nearby items.
Your experience applies equally to all skills.


Message History

You puncture the orc!
You kill the orc!
Things that are here:
a +0 dagger; an orc corpse You puncture the orc!
You kill the orc!
The orc hits you with a +4 hand axe of flaming!
The orc burns you.
You are too injured to fight recklessly!
You are too injured to fight recklessly!
You hit the orc.
You kill the orc!
You hit the orc.
The orc is lightly wounded.
You closely miss the orc. You punch the orc.
You kill the orc!
You are too injured to fight recklessly!
You are too injured to fight recklessly!
You are too injured to fight recklessly!
You are too injured to fight recklessly!
You hit the orc.
The orc is almost dead.
The orc hits you but does no damage.
You hit the orc.
You kill the orc!
The goblin closely misses you.
Simosihle has departed this plane of existence.
The goblin completely misses you.
Things that are here:
a +0 club; a +0 ring mail; a +0 hand axe You hit the goblin.
You kill the goblin!
The orc closely misses you. The orc hits you with a +0 war axe!
* * * LOW HITPOINT WARNING * * *
Items here: ))) [ †.
You hit the orc. You bite the orc.
The orc is heavily wounded.
The orc barely misses you. x2
The orc attacks as it pursues you! The orc hits you with a +0 flail!
You die...

#.........#.. # ######
#.........#.### .# #....#
#.........#...##.## #....#
#.................# #...<#
#>...[............# #....#
#.......o.........# #....#
#.......o.........### #
#....#########o##........#.#.#
#......#### #h)#............#
#....#....## ##........†.....
#>...####..####...........#.#.
#....# ##....................
##.### #.................[..
#.# ##........##..)...... #.#
#......©####....###. #.#
#....#### ##..## #.#
#...##...# ..#


You could see 3 orcs.

Vanquished Creatures
  3 adders
  A gnoll (D:1)
  A worm (D:3)
  A dart slug (D:2)
  5 orcs (D:3)
  6 endoplasms
  A giant cockroach (D:1)
  6 goblins
  2 hobgoblins (D:1)
  2 jackals (D:1)
  5 kobolds
  3 quokkas
  3 ball pythons (D:1)
  4 bats
  A frilled lizard (D:1)
  5 rats
49 creatures vanquished.

Vanquished Creatures (collateral kills)
  A dart slug (D:3)
  A ball python (D:3)
2 creatures vanquished.

Vanquished Creatures (others)
  An ancestor (D:3)
1 creature vanquished.

Grand Total: 52 creatures vanquished

Notes
Turn   | Place    | Note
-------+----------+-------------------------------------------
     0 | D:1      | croobank the Gnoll Shapeshifter began the quest for the
                  | Orb.
     0 | D:1      | Reached XP level 1. HP: 17/17 MP: 1/1
    62 | D:1      | Reached XP level 2. HP: 20/23 MP: 2/2
   572 | D:1      | Reached XP level 3. HP: 11/28 MP: 2/4
   664 | D:1      | Reached skill level 1 in Invocations
   955 | D:2      | Found a hazy altar of Hepliaklqana.
   964 | D:2      | Became a worshipper of Hepliaklqana the Forgotten
   998 | D:2      | Reached skill level 1 in Short Blades
   998 | D:2      | Reached skill level 1 in Long Blades
   998 | D:2      | Reached skill level 1 in Axes
   998 | D:2      | Reached skill level 1 in Maces & Flails
   998 | D:2      | Reached skill level 1 in Polearms
   998 | D:2      | Reached skill level 1 in Staves
   998 | D:2      | Reached skill level 1 in Ranged Weapons
   998 | D:2      | Reached skill level 1 in Throwing
   998 | D:2      | Reached skill level 1 in Armour
   998 | D:2      | Reached skill level 1 in Stealth
   998 | D:2      | Reached skill level 1 in Shields
   998 | D:2      | Reached skill level 1 in Spellcasting
   998 | D:2      | Reached skill level 1 in Evocations
  1093 | D:2      | Identified the +4 dagger of Frustration {speed, Will+
                  | Str+6}
  1119 | D:2      | Reached XP level 4. HP: 34/34 MP: 5/5
  1528 | D:2      | Reached * piety under Hepliaklqana
  1674 | D:3      | Found a transporter.
  1711 | D:3      | Reached skill level 1 in Conjurations
  1711 | D:3      | Reached skill level 1 in Hexes
  1711 | D:3      | Reached skill level 1 in Summonings
  1711 | D:3      | Reached skill level 1 in Necromancy
  1711 | D:3      | Reached skill level 1 in Translocations
  1711 | D:3      | Reached skill level 1 in Transmutations
  1711 | D:3      | Reached skill level 1 in Fire Magic
  1711 | D:3      | Reached skill level 1 in Ice Magic
  1711 | D:3      | Reached skill level 1 in Air Magic
  1711 | D:3      | Reached skill level 1 in Earth Magic
  1711 | D:3      | Reached skill level 1 in Poison Magic
  1788 | D:3      | Noticed sammy202020's ghost (weakling DsSh)
  1832 | D:3      | Slain by an orc

Illustrated notes

Levels and vault maps discovered:
D:1:      saegor_arrival_simple_a, layout_basic, serial_corexii_hall,
          corexii_hall_statues_s, corexii_hall_statues_deadend
D:2:      layout_basic, basic_altar
D:3:      layout_rooms, mainiacjoe_overflow_catwalk,
          mainiacjoe_sewer_entry_somewhere_in_here_2,
          gammafunk_ghost_abyssal_escape

Skill      XL: |  1  2  3  4 |
---------------+-------------+-----
Invocations    | 1 |  1.4
Short Blades   | 1 |  1.2
Long Blades    | 1 |  1.2
Axes           | 1 |  1.2
Maces & Flails | 1 |  1.2
Polearms       | 1 |  1.2
Staves         | 1 |  1.2
Ranged Weapons | 1 |  1.2
Throwing       | 1 |  1.2
Armour         | 1 |  1.2
Stealth        | 1 |  1.2
Shields        | 1 |  1.2
Spellcasting   | 1 |  1.2
Evocations     | 1 |  1.2
Conjurations   | 1 |  1.0
Hexes          | 1 |  1.0
Summonings     | 1 |  1.0
Necromancy     | 1 |  1.0
Translocations | 1 |  1.0
Transmutations | 1 |  1.0
Fire Magic     | 1 |  1.0
Ice Magic      | 1 |  1.0
Air Magic      | 1 |  1.0
Earth Magic    | 1 |  1.0
Poison Magic   | 1 |  1.0
Fighting       | |  2.8
Dodging        | |  4.7
Unarmed Combat | |  6.6
Shapeshifting  | |  6.6

Action                     |  1- 3 |  4- 6 || total
---------------------------+-------+-------++-------
  Melee: Unarmed           |    70 |       ||    70
         Bite              |     7 |     5 ||    12
         Punch             |     3 |     2 ||     5
         Dagger            |     2 |    33 ||    35
   Stab: Distracted        |     1 |       ||     1
         Sleeping          |       |     1 ||     1
 Armour: Animal skin       |    25 |    15 ||    40
  Dodge: Dodged            |    35 |    18 ||    53

Table legend: (Time is in decaauts)
 A = Elapsed time spent in this place.
 B = Non-inter-level travel time spent in this place.
 C = Inter-level travel time spent in this place.
 D = Time resting spent in this place.
 E = Time spent auto-exploring this place.
 F = Levels seen in this place.
 G = Mean time per level.
                   A        B        C        D        E       F      G
               +--------+--------+--------+--------+--------+-----+--------+
         Total |   1810 |   1735 |     75 |     79 |   1344 |   3 |  603.3 |
       Dungeon |   1810 |   1735 |     75 |     79 |   1344 |   3 |  603.3 |
               +--------+--------+--------+--------+--------+-----+--------+

Top non-repeatable levels by time:
     D:1: 837 daAuts
     D:2: 798 daAuts
     D:3: 175 daAuts
